 Dungeon Crawl Stone Soup version 0.30-a0-726-gd89dcf765f (webtiles) character file.

Game seed: 15150576025939920670

3257 Newt the Fighter (level 9, -4/82 HPs)
             Began as a Demonspawn Gladiator on Jan 29, 2023.
             Was a Priest of Makhleb.
             Slain by a hornet (7 damage)
             ... while paralysed by a hornet
             ... on level 7 of the Dungeon.
             The game lasted 00:08:00 (6552 turns).

Newt the Fighter (Demonspawn Gladiator)             Turns: 6552, Time: 00:08:01

Health: -4/82      AC: 10    Str: 24    XL:     9   Next: 67%
Magic:  15/15      EV:  2    Int:  9    God:    Makhleb [***...]
Gold:   468        SH:  0    Dex: 19    Spells: 17/17 levels left

rFire   . . .      SeeInvis .    N - +2 war axe (elec)
rCold   . . .      Faith    .    (no shield)
rNeg    . . .      Spirit   .    o - +2 robe of Fiegat {rPois Dex+3}
rPois   +          Reflect  .    c - +0 helmet
rElec   .          Harm     .    (no cloak)
rCorr   .          Rampage  .    K - +1 pair of gloves
Will    .....                    (no boots)
Stlth   ++                       L - amulet of magic regeneration
HPRegen 0.33/turn                u - +6 ring of strength
MPRegen 0.54/turn                x - ring of poison resistance

@: paralysed, slowed, studying Fighting
A: icy blue scales 2, demonic magic 1
a: Renounce Religion, Minor Destruction, Lesser Servant of Makhleb


You were on level 7 of the Dungeon.
You worshipped Makhleb.
Makhleb was most pleased with you.
You visited 1 branch of the dungeon, and saw 7 of its levels.
You also visited: Sewer.

You collected 468 gold pieces.

Inventory:

Hand Weapons
 a - a +0 rapier
 f - a +2 whip of flaming
 t - a +3 hand axe of draining
 N - a +2 war axe of electrocution (weapon)
Missiles
 e - a javelin (quivered)
 s - 7 boomerangs
 D - 12 poisoned darts
Armour
 b - a +0 leather armour
 c - a +0 helmet (worn)
 o - the +2 robe of Fiegat (worn) {rPois Dex+3}
   (You found it on level 2 of the Dungeon)

   Dex:       It affects your dexterity (+3).
   rPois:     It protects you from poison.
 K - a +1 pair of gloves (worn)
Jewellery
 u - a +6 ring of strength (left hand)
 x - a ring of poison resistance (right hand)
 L - an amulet of magic regeneration (around neck)
Wands
 E - a wand of flame (26)
 I - a wand of charming (6)
Scrolls
 d - a scroll of magic mapping {unknown}
 m - 3 scrolls of blinking
 n - a scroll of butterflies
 A - 5 scrolls of teleportation
 C - 2 scrolls of enchant armour
 F - a scroll of fear
 M - 2 scrolls of brand weapon
Potions
 g - 2 potions of cancellation
 h - 2 potions of berserk rage
 i - 3 potions of lignification
 j - 5 potions of degeneration
 k - a potion of magic
 l - a potion of attraction
 p - 2 potions of haste
 q - 3 potions of brilliance
 r - a potion of ambrosia
 v - 2 potions of curing
 w - a potion of resistance
 z - a potion of might
 B - a potion of invisibility
 H - a potion of flight {unknown}
 J - 2 potions of heal wounds {unknown}


   Skills:
 - Level 12.0 Fighting
 - Level 2.6 Short Blades
 - Level 5.9(6.0) Axes
 - Level 0.6(3.7) Maces & Flails
 - Level 1.7 Throwing
 - Level 6.0 Dodging
 - Level 2.0 Stealth
 + Level 4.5 Spellcasting


You had 17 spell levels left.
You didn't know any spells.
Your spell library contained the following spells:

 Spells                   Type           Power      Damage    Failure   Level
 Magic Dart               Conj           8%         1d3       26%         1
 Sandblast                Erth           4%         2d4       26%         1
 Cigotuvi's Dreadful Rot  Necr/Pois/Air  4%         N/A       36%         2
 Passwall                 Tmut/Erth      1%         N/A       36%         2
 Searing Ray              Conj           4%         2d4       36%         2
 Stone Arrow              Conj/Erth      4%         3d7       61%         3
 Dispel Undead            Necr           2%         3d7       95%         4
 Fulminant Prism          Conj/Hex       1%         3d5       95%         4
 Death Channel            Necr           1%         N/A       100%        6
 Malign Gateway           Summ/Tloc      1%         N/A       100%        7
 Borgnjor's Revivificati  Necr           1%         N/A       100%        8
 Necromutation            Tmut/Necr      1%         N/A       100%        8
 Summon Horrible Things   Summ           1%         N/A       100%        8
 Death's Door             Necr           1%         N/A       100%        9


Dungeon Overview and Level Annotations

Branches:
Dungeon (7/15)             Temple (0/1) D:5           Sewer (visited)

Altars:
Makhleb
Nemelex Xobeh
Okawaru
Qazlal
Ru
Sif Muna
Xom

Shops:
D:7 *


Innate Abilities, Weirdness & Mutations

You are mostly covered in icy blue scales. (AC +3)
Spells you cast may paralyse adjacent enemies.


Message History

The hornet misses you. The hornet stings you!
You barely miss the hornet. You punch the hornet.
The hornet is almost dead.
The hornet stings you.
You are poisoned.
The hornet completely misses you.
You hit the hornet but do no damage.
The hornet is almost dead.
You feel very sick. The hornet misses you.
Unknown command.
A hornet is nearby!
You are too injured to fight recklessly!
You are too injured to fight recklessly!
You are too injured to fight recklessly!
You completely miss the hornet.
The hornet is almost dead.
You feel very sick. The hornet closely misses you. x2
You closely miss the hornet.
The hornet is almost dead.
You feel sick. The hornet stings you!
* * * LOW HITPOINT WARNING * * *
The hornet completely misses you.
You hit the hornet.
The hornet is almost dead.
You feel sick.
The hornet stings you but does no damage.
The hornet barely misses you.
You feel better. The hornet stings you!
* * * LOW HITPOINT WARNING * * *
You feel yourself slow down.
You hit the hornet.
The hornet is almost dead.
The hornet stings you.
* * * LOW HITPOINT WARNING * * *
The hornet stings you!
* * * LOW HITPOINT WARNING * * *
You suddenly lose the ability to move!
The hornet stings you!
You die...

.# #.## #.##.#.#
.###..###.##.#.#
........#)##.#.#
........#.##.#.# ####
........#.##.#.####...#.
........#...............
........'>...#.#.#.#..#
#.......####.........##
#.......# #.#.#@#.#.#
######### #....y.....#
#.#.#.#.#..#
#..........#
#..#.#.#.#..#
#...........# #
#.#.##..#)#.# # #...
.....#.# #


You could see a hornet.

Vanquished Creatures
  Pikel (D:6)
  Grinder (D:5)
  Eustachio (D:5)
  2 orc warriors
  3 ice beasts
  2 black bears (D:6)
  A centaur (D:7)
  A phantom (D:6)
  A kobold brigand (D:7)
  4 lemures (D:6)
  Blork the orc (D:5)
  2 scorpions
  4 bullfrogs
  A necrophage (D:4)
  9 wights
  2 howler monkeys (D:7)
  A jelly (D:4)
  4 hounds
  An orc priest (D:6)
  An orc wizard (D:4)
  Ijyb (D:5)
  4 iguanas
  7 adders
  3 river rats (D:4)
  An ufetubus (D:5)
  5 worms
  2 dart slugs
  25 orcs
  9 ball pythons
  3 bats
  An endoplasm (Sewer)
  4 giant cockroaches
  6 goblins
  8 hobgoblins
  3 jackals (D:2)
  2 quokkas
  15 kobolds
  14 rats
156 creatures vanquished.

Vanquished Creatures (others)
  4 toadstools (D:6)
4 creatures vanquished.

Grand Total: 160 creatures vanquished

Notes
Turn   | Place    | Note
-------+----------+-------------------------------------------
     0 | D:1      | Newt the Demonspawn Gladiator began the quest for the Orb.
     0 | D:1      | Reached XP level 1. HP: 16/16 MP: 1/1
    21 | D:1      | Reached skill level 1 in Stealth
   227 | D:1      | Gained mutation: You are partially covered in icy blue
                  | scales. (AC +2) [demonic ancestry]
   227 | D:1      | Reached XP level 2. HP: 21/22 MP: 2/2
   657 | D:2      | Reached XP level 3. HP: 17/28 MP: 3/3
   734 | D:2      | Reached skill level 3 in Fighting
   810 | D:2      | Identified the +2 robe of Fiegat {rPois Dex+3}
  1405 | D:3      | Found a burning altar of Makhleb.
  1423 | D:3      | Reached XP level 4. HP: 33/37 MP: 4/4
  1443 | D:3      | Became a worshipper of Makhleb the Destroyer
  1525 | D:3      | Reached skill level 4 in Fighting
  2009 | D:4      | Reached skill level 1 in Axes
  2027 | D:4      | Reached XP level 5. HP: 34/42 MP: 5/5
  2109 | D:4      | Reached * piety under Makhleb
  2154 | D:4      | Found a glowing drain.
  2158 | Sewer    | Entered a sewer
  2659 | D:4      | Noticed an orc warrior
  2668 | D:4      | Killed an orc warrior
  2669 | D:4      | Gained mutation: You are mostly covered in icy blue scales.
                  | (AC +3) [demonic ancestry]
  2669 | D:4      | Reached XP level 6. HP: 40/48 MP: 6/6
  2843 | D:4      | Reached ** piety under Makhleb
  2885 | D:4      | Reached skill level 5 in Axes
  3087 | D:4      | Reached XP level 7. HP: 47/54 MP: 7/7
  3322 | D:5      | Entered Level 5 of the Dungeon
  3608 | D:5      | Noticed Ijyb
  3624 | D:5      | Killed Ijyb
  3737 | D:5      | Found a sparkling altar of Nemelex Xobeh.
  3737 | D:5      | Found a sacrificial altar of Ru.
  3738 | D:5      | Found a shimmering blue altar of Sif Muna.
  3765 | D:5      | Noticed Eustachio
  3816 | D:5      | Killed Eustachio
  3989 | D:5      | Found a staircase to the Ecumenical Temple.
  4125 | D:5      | Noticed Blork the orc
  4134 | D:5      | Killed Blork the orc
  4149 | D:5      | Noticed Grinder
  4164 | D:5      | Killed Grinder
  4165 | D:5      | Reached skill level 5 in Dodging
  4165 | D:5      | Reached XP level 8. HP: 25/60 MP: 8/8
  5096 | D:6      | Reached skill level 5 in Fighting
  5099 | D:6      | Reached skill level 6 in Fighting
  5135 | D:6      | Found a shimmering altar of Xom.
  5150 | D:6      | Found a shimmering altar of Xom.
  5151 | D:6      | Found a shimmering altar of Xom.
  5158 | D:6      | Found a shimmering altar of Xom.
  5208 | D:6      | Reached skill level 7 in Fighting
  5212 | D:6      | Reached skill level 8 in Fighting
  5311 | D:6      | Noticed Pikel
  5403 | D:6      | Killed Pikel
  5404 | D:6      | Reached skill level 10 in Fighting
  5404 | D:6      | Gained mutation: Spells you cast may paralyse adjacent
                  | enemies. [demonic ancestry]
  5404 | D:6      | Reached XP level 9. HP: 68/79 MP: 9/9
  5597 | D:6      | Reached skill level 11 in Fighting
  5836 | D:7      | Found a stormy altar of Qazlal.
  5878 | D:7      | Reached skill level 12 in Fighting
  5887 | D:7      | Reached skill level 1 in Spellcasting
  6117 | D:7      | Found an iron altar of Okawaru.
  6276 | D:7      | Found Wagaosm's Whimsical Warehouse.
  6365 | D:7      | Reached *** piety under Makhleb
  6552 | D:7      | HP: 3/82 [hornet (9)]
  6552 | D:7      | Paralysed by a hornet for 1 turns
  6552 | D:7      | Slain by a hornet

Illustrated notes

Levels and vault maps discovered:
D:1:      nzn_arrival_water_spiral, layout_basic, minmay_statues_item
D:2:      layout_rooms
D:3:      layout_basic, bloody_makhleb, hangedman_abyss_or_decor_lesser_grid,
          grunt_ministairs_2, corner_web_ring, dk_vineyard_3,
          minmay_close_crescents
D:4:      layout_gridville, gup_sewer_entry_spiral, minmay_manual_monolith
D:5:      layout_basic, gammafunk_temple_overflow_claw,
          overflow_temple_1_default, temple_fountains, uniq_blork_the_orc,
          uniq_grinder, uniq_ijyb, uniq_eustachio
D:6:      layout_basic, xom_redecorated, minmay_gold_behind_fungi, uniq_pikel
D:7:      layout_basic, mainiacjoe_overflow_cross_hatched,
          kennysheep_little_box, serial_glass, glass_columns_c, glass_columns_c,
          glass_columns_b, glass_columns_b, nicolae_alphabet_shops, sigmund_army

Skill      XL: |  1  2  3  4  5  6  7  8  9 |
---------------+----------------------------+-----
Stealth        | 1 2 |  2.0
Fighting       | 3 4 10 12 | 12.0
Axes           | 1 4 5 |  5.9
Dodging        | 5 6 |  6.0
Spellcasting   | 4 |  4.5
Short Blades   | |  2.6
Maces & Flails | |  0.6
Throwing       | |  1.7

Action                     |  1- 3 |  4- 6 |  7- 9 || total
---------------------------+-------+-------+-------++-------
  Melee: Rapier            |    15 |       |       ||    15
         Whip              |   101 |    19 |       ||   120
         Punch             |     1 |     3 |     7 ||    11
         Hand axe          |       |   180 |   276 ||   456
         War axe           |       |       |    28 ||    28
  Throw: Throwing net      |       |       |     3 ||     3
         Boomerang         |       |       |     1 ||     1
  Evoke: Wand              |       |       |     1 ||     1
    Use: Scroll            |     6 |     9 |     9 ||    24
         Potion            |     1 |     2 |     3 ||     6
   Stab: Sleeping          |     1 |     5 |     4 ||    10
         Held in net/web   |       |       |     2 ||     2
 Armour: Leather armour    |    41 |       |       ||    41
         Robe              |    10 |    73 |    66 ||   149
  Dodge: Dodged            |    61 |   110 |   211 ||   382

Table legend: (Time is in decaauts)
 A = Elapsed time spent in this place.
 B = Non-inter-level travel time spent in this place.
 C = Inter-level travel time spent in this place.
 D = Time resting spent in this place.
 E = Time spent auto-exploring this place.
 F = Levels seen in this place.
 G = Mean time per level.
                   A        B        C        D        E       F      G
               +--------+--------+--------+--------+--------+-----+--------+
         Total |   6699 |   6477 |    222 |    424 |   4593 |   8 |  837.4 |
       Dungeon |   6264 |   6042 |    222 |    421 |   4275 |   7 |  894.9 |
         Sewer |    434 |    434 |      0 |      3 |    318 |   1 |  434.0 |
               +--------+--------+--------+--------+--------+-----+--------+

Top non-repeatable levels by time:
     D:5: 1283 daAuts
     D:6: 1218 daAuts
     D:4: 1095 daAuts
     D:3: 777 daAuts
     D:7: 734 daAuts
     D:2: 622 daAuts
     D:1: 532 daAuts
   Sewer: 434 daAuts
